Map: Dasan Station LE

Players

Tenonee

  • Race: Terran Terran

OGsc - Winner!

  • Race: Protoss Protoss
  • League: Platinum

VOD

Have the link to the VOD?

Description

Time

  • Played on: July 23, 2016, 6:09 a.m.
  • Length: 9:12
Show
View Real Time Build Order
Export as new Build Order

Tenonee Terran 

Build Orders:  

Get SALT Encoding   

  12  0:01  SCV  
  13  0:13  SCV  
  14  0:18  Supply Depot  
  14  0:25  SCV  
  15  0:40  SCV  
  15  0:41  Barracks  
  16  0:52  SCV  
  17  1:04  SCV  
  18  1:16  SCV  
  19  1:19  Command Center  
  19  1:28  SCV  
  19  1:30  Supply Depot  
  20  1:33  Marine  
  21  1:43  Orbital Command  
  21  1:51  Marine  
  22  1:59  Barracks  
  22  2:10  SCV  
  23  2:16  Marine  
  23  2:22  SCV  
  25  2:24  Refinery  
  25  2:28  Barracks  
  25  2:33  Orbital Command  
  25  2:34  SCV  
  26  2:41  Marine  
  27  2:46  SCV  
  27  2:50  Refinery  
  28  2:58  SCV  
  29  2:59  Barracks Tech Lab  
  29  3:00  Marine  
  29  3:03  SCV  
  31  3:10  SCV  
  32  3:15  SCV  
  32  3:18  Barracks Reactor  
  33  3:20  Marine  
  33  3:22  SCV  
  36  3:27  SCV  
  36  3:34  SCV  
  36  3:38  Marine  
  36  3:40  Command Center, Marauder, SCV  
  36  3:41  Stimpack  
  41  3:46  SCV  
  42  3:52  SCV  
  43  3:56  Marine  
  43  3:58  SCV  
  43  3:59  Supply Depot  
  45  4:04  Factory, Supply Depot, SCV  
  46  4:13  Marine  
  46  4:21  Marauder, Marine, SCV  
  51  4:29  Supply Depot  
  51  4:30  Marine  
  52  4:33  Barracks Reactor  
  51  4:38  Marine  
  51  4:43  Marauder  
  53  4:48  Marine  
  51  4:56  Marine  
  47  5:01  Factory Reactor, Starport  
  47  5:04  Marauder  
  47  5:06  Marine  
  50  5:08  Orbital Command  
  50  5:09  Barracks  
  50  5:10  Barracks  
  50  5:12  SCV x2, Refinery x2  
  52  5:15  Marine x3  
  55  5:24  Marine, SCV  
  55  5:26  Marauder  
  55  5:27  Engineering Bay  
  59  5:29  Engineering Bay  
  59  5:37  Marine x2  
  59  5:38  Marine  
  62  5:47  Marauder  
  64  5:50  Marine  
  64  5:55  Marine x3  
  66  6:07  Marine  
  66  6:08  Medivac x2  
  66  6:09  Marauder  
  73  6:11  Terran Infantry Armor Level 1, Terran Infantry Weapons Level 1  
  73  6:13  Marine  
  73  6:14  Factory Tech Lab  
  74  6:21  Barracks Tech Lab, Barracks Reactor  
  74  6:30  Marauder  
  76  6:37  Orbital Command  
  76  6:38  Marine x4  
  80  6:41  Medivac x2  
  83  6:51  Marauder  
  71  6:56  Marine x4  
  71  6:57  Marauder  
  71  6:58  Marine x2  
  74  7:02  Siege Tank  
  71  7:12  Marine, SCV  
  71  7:13  Marine, SCV x2  
  71  7:14  Marine x3  
  75  7:15  Marine  
  75  7:16  Marine  
  75  7:19  Marauder  
  70  7:27  Medivac  
  70  7:31  Marine, Marauder  
  70  7:32  Marine  
  70  7:36  Marine  
  72  7:37  Marine  
  72  7:39  Marine  
  72  7:40  Marauder  
  72  7:42  Marine  
  69  7:52  Marauder  
  69  7:55  Marine x3  
  69  7:56  Marine  
  69  8:01  Marauder  
  69  8:04  Marine  
  60  8:13  Marauder  
  62  8:23  Marauder  
  62  8:26  Marine  
  58  8:29  Marine x3  
  58  8:33  Marine  
  58  8:34  Marine  
  55  8:35  Marauder  
  55  8:37  Medivac, Siege Tank  
  58  8:44  Marauder  
  57  8:49  Marine x3  
  56  9:00  Supply Depot  
Show
View Real Time Build Order
Export as new Build Order

OGsc Protoss - Winner!

Build Orders: 1 Gate Expand, Blink Stalkers 

Get SALT Encoding   

  12  0:01  Probe (Chrono Boost)  
  13  0:11  Probe (Chrono Boost)  
  14  0:17  Pylon  
  14  0:22  Probe (Chrono Boost)  
  16  0:35  Probe (Chrono Boost)  
  16  0:38  Gateway  
  16  0:42  Assimilator  
  16  0:47  Probe (Chrono Boost)  
  17  1:01  Probe (Chrono Boost)  
  18  1:19  Nexus  
  18  1:27  Probe (Chrono Boost)  
  19  1:35  Cybernetics Core  
  19  1:39  Probe (Chrono Boost)  
  20  1:44  Assimilator  
  20  1:52  Probe (Chrono Boost)  
  21  2:03  Probe (Chrono Boost), Pylon  
  22  2:09  Warp Gate  
  22  2:18  Stalker  
  26  2:24  Mothership Core (Chrono Boost)  
  26  2:35  Twilight Council  
  27  2:37  Probe (Chrono Boost)  
  27  2:44  Probe (Chrono Boost)  
  28  2:47  Probe (Chrono Boost)  
  30  2:58  Probe (Chrono Boost)  
  30  2:59  Probe (Chrono Boost), Assimilator  
  30  3:04  Stalker  
  33  3:13  Robotics Facility  
  33  3:15  Blink  
  33  3:17  Probe (Chrono Boost)  
  33  3:18  Probe (Chrono Boost)  
  35  3:29  Probe (Chrono Boost)  
  35  3:34  Probe (Chrono Boost)  
  37  3:37  Pylon  
  38  3:43  Probe (Chrono Boost)  
  38  3:46  Probe (Chrono Boost)  
  39  3:50  Gateway  
  39  3:54  Gateway  
  39  3:56  Pylon  
  39  4:23  Probe (Chrono Boost)  
  40  4:24  Pylon  
  40  4:27  Stalker  
  40  4:28  Assimilator  
  40  4:31  Gateway  
  42  4:37  Warp Prism  
  42  4:41  Gateway  
  38  5:00  Probe x2 (Chrono Boost), Stalker  
  40  5:13  Observer  
  42  5:15  Probe (Chrono Boost)  
  42  5:17  Stalker  
  42  5:18  Stalker, Gateway  
  42  5:19  Gateway  
  46  5:27  Stalker  
  48  5:39  Stalker  
  50  5:47  Stalker  
  52  6:02  Stalker x4  
  56  6:10  Stalker  
  58  6:22  Stalker x3  
  64  6:35  Stalker x3  
  70  6:42  Pylon  
  70  6:44  Pylon  
  70  6:45  Pylon  
  70  6:47  Pylon  
  62  6:56  Stalker x4  
  61  7:10  Stalker x3  
  53  7:35  Stalker  
  53  7:36  Stalker x6  
  57  8:00  Stalker x3  
  57  8:01  Stalker x4  
  71  8:14  Observer  
  72  8:26  Stalker x3  
  64  8:28  Zealot x4  
  64  8:35  Observer  
  57  8:50  Zealot x2  
  57  8:51  Stalker x3  
Tags
 
Add a new tag
Caveats
  • Supply blocks, unpowered buildings, or Contaminate may cause inaccurate times.
  • Supply counts are checked every 10 seconds.